 Dungeon Crawl Stone Soup version 0.22-b1-26-g9dbaab1 (webtiles) character file.

613 Lew the Sneak (level 7, -4/49 HPs)
             Began as an Octopode Fighter on Aug 8, 2018.
             Splashed by a jelly's acid (7 damage)
             ... on level 5 of the Dungeon.
             The game lasted 00:13:30 (3446 turns).

Lew the Sneak (Octopode Fighter)                    Turns: 3446, Time: 00:13:33

Health: -4/49      AC: -3    Str: 17    XL:     7   Next: 44%
Magic:  7/7        EV: 13    Int: 10    God:
Gold:   210        SH:  9    Dex: 12    Spells: 4/6 levels left

rFire    . . .     SeeInvis .   i - +1 whip (venom)
rCold    . . .     Gourm    .   a - +0 shield
rNeg     . . .     Faith    .   (helmet restricted)
rPois    .         Spirit   .   (no amulet)
rElec    .         Reflect  .   (no ring)
rCorr    .         Harm     .   (no ring)
MR       .....                  (no ring)
Stlth    ++++......             (no ring)
HPRegen  0.16/turn              (no ring)
MPRegen  0.10/turn              (no ring)
                                (no ring)
                                (no ring)

@: corroded
A: almost no armour, stealthy swim, amphibious, 8 rings, constrict 8, camouflage
1, gelatinous body 1
a: no special abilities


You were on level 5 of the Dungeon.
You were not hungry.

You visited 1 branch of the dungeon, and saw 5 of its levels.

You collected 210 gold pieces.

Inventory:

Hand Weapons
 g - a +1 vampiric spear
 i - a +1 whip of venom (weapon)
 k - a +0 short sword of holy wrath
 m - a +2 spear of flaming
Missiles
 j - 3 poisoned tomahawks (quivered)
 p - 3 tomahawks
Armour
 a - a +0 shield (worn)
Jewellery
 n - an uncursed amulet of regeneration {unknown}
Wands
 o - a wand of random effects (30)
Scrolls
 d - 4 scrolls of remove curse
 f - a scroll of identify
 l - a scroll of blinking
 q - a scroll of amnesia
Potions
 b - a potion of might
 e - a potion of haste
 h - 2 potions of lignification
Comestibles
 c - 4 rations


   Skills:
 + Level 4.5 Fighting
 + Level 4.5 Dodging
 + Level 4.6 Stealth
 + Level 4.6 Shields
 + Level 4.0 Unarmed Combat


You had 4 spell levels left.
You knew the following spells:

 Your Spells              Type           Power        Failure   Level  Hunger
a - Blink                 Tloc           N/A          91%         2    ###....

Your spell library contained the following spells:

 Spells                   Type           Power        Failure   Level  Hunger
 Magic Dart               Conj           #...         82%         1    ##.....
 Conjure Flame            Conj/Fire      #.......     99%         3    ####...
 Slow                     Hex            #.......     91%         2    ###....
 Mephitic Cloud           Conj/Pois/Air  #.......     99%         3    ####...
 Call Imp                 Summ           #.......     91%         2    ###....


Dungeon Overview and Level Annotations

Branches:
Dungeon (5/15)
 Temple: D:4-7

Altars:
Qazlal
Wu Jian


Innate Abilities, Weirdness & Mutations

You cannot wear most types of armour.
You are very stealthy in the water. (Stealth+)
You are amphibious.
You can wear up to eight rings at the same time.
You can use your tentacles to constrict eight enemies at once.
Your skin changes colour to match your surroundings (Stealth+).
Your rubbery body absorbs attacks. (AC +1, EV +1)


Message History

The jelly barely misses you.
The ogre shouts!
You hit the jelly. The acid corrodes you!
Your tentacles burn!
The jelly is lightly wounded.
An orc comes into view. It is wielding a short sword.
The jelly barely misses you.
The orc shouts!
You hit the ogre but do no damage.
The ogre is poisoned.
You hear a shout!
The ogre misses you. The jelly closely misses you.
You hit the ogre but do no damage.
The ogre looks as sick as possible!
You block the jelly's attack. The ogre hits you with a giant club!!
You barely miss the ogre.
The ogre is moderately wounded.
You block the jelly's attack. The ogre hits you with a giant club!
* * * LOW HITPOINT WARNING * * *
The jelly hits you.
* * * LOW HITPOINT WARNING * * *
The acid corrodes you!
You are splashed with acid!
The acid burns!
You die...

#.......####.........#
#....................#
#.....#...##.........##
##
#.....###.#######.....###
.. ####### #(#
##..#...###.# #.###
#..###...<.# #...##
#......#####
###..######...#.#
##@...o........
#....OJ....##..#.#.
#..........###... .#
#..........# #... ..
#..........# ...
............#
##..........#
#...........


You could see an ogre, a jelly and an orc.

Vanquished Creatures
  A water moccasin (D:4)
  The ghost of zapotec the Ogre Mage, an amateur OgWz (D:3)
  A centaur (D:3)
  A water moccasin zombie (D:5)
  An orc priest (D:4)
  A hound (D:5)
  A bullfrog zombie (D:4)
  A worker ant (D:4)
  Robin (D:2)
  4 gnolls (D:4)
  3 adders
  A shadow imp (D:5)
  2 dart slugs
  3 leopard geckos
  12 orcs
  4 giant cockroaches
  11 goblins
  5 hobgoblins
  5 jackals
  2 quokkas
  7 bats
  2 frilled lizards
  8 kobolds
  4 rats
82 creatures vanquished.

Vanquished Creatures (others)
  An adder (D:3)
1 creature vanquished.

Grand Total: 83 creatures vanquished

Notes
Turn   | Place    | Note
-------+----------+-------------------------------------------
     0 | D:1      | Lew the Octopode Fighter began the quest for the Orb.
     0 | D:1      | Reached XP level 1. HP: 16/16 MP: 1/1
   154 | D:1      | Reached XP level 2. HP: 16/21 MP: 2/2
   229 | D:1      | Reached skill level 1 in Stealth
   744 | D:2      | Noticed Robin
   747 | D:2      | Reached XP level 3. HP: 25/26 MP: 3/3
   757 | D:2      | Killed Robin
  1183 | D:3      | Learned a level 2 spell: Blink
  1225 | D:3      | Found an ornate altar of the Wu Jian Council.
  1243 | D:3      | Reached XP level 4. HP: 31/31 MP: 2/4
  1265 | D:3      | Found a runed door.
  1266 | D:3      | Noticed zapotec's ghost (amateur OgWz)
  1290 | D:3      | Killed zapotec's ghost
  1290 | D:3      | Reached XP level 5. HP: 14/37 MP: 2/5
  1575 | D:3      | Noticed a centaur
  1689 | D:3      | Killed a centaur
  1689 | D:3      | Reached XP level 6. HP: 9/43 MP: 6/6
  2075 | D:3      | Found a stormy altar of Qazlal.
  2390 | D:4      | Noticed a water moccasin
  2397 | D:4      | Killed a water moccasin
  2637 | D:4      | Reached XP level 7. HP: 28/48 MP: 7/7
  3200 | D:5      | Entered Level 5 of the Dungeon
  3446 | D:5      | Splashed by a jelly's acid

Skill      XL: |  1  2  3  4  5  6  7 |
---------------+----------------------+-----
Stealth        | 1 2 3 4 |  4.6
Unarmed Combat | 3 4 |  4.0
Fighting       | 4 |  4.5
Dodging        | 4 |  4.5
Shields        | 4 |  4.6

Action                   |  1- 3 |  4- 6 |  7- 9 || total
-------------------------+-------+-------+-------++-------
Melee: Club              |    34 |       |       ||    34
       Constrict         |    30 |    16 |    13 ||    59
       Unarmed           |     3 |       |       ||     3
       Tentacles         |    15 |    14 |     5 ||    34
       Whip              |    33 |    69 |    42 ||   144
       Punch             |       |       |     1 ||     1
 Cast: Blink             |     1 |       |       ||     1
  Use: Scroll            |     6 |     2 |       ||     8
       Potion            |     7 |     5 |       ||    12
 Stab: Sleeping          |     7 |     5 |     6 ||    18
  Eat: Ration            |     1 |     1 |     1 ||     3
Armor: Skin              |     9 |     2 |       ||    11
Dodge: Dodged            |    31 |    39 |    22 ||    92
Block: Shield            |    33 |    26 |    23 ||    82
